Map: Frostline LE

Players

GravesofMen

  • Race: Protoss Protoss
  • League: Platinum
  • Spawn Location: 7:00

wootwoot - Winner!

  • Race: Protoss Protoss
  • League: Platinum
  • Spawn Location: 1:00

VOD

Have the link to the VOD?

Description

Time

  • Played on: April 1, 2025, 10:23 p.m.
  • Length: 3:14
Show
View Real Time Build Order
Export as new Build Order

GravesofMen Protoss 

Build Orders:  

Get SALT Encoding   

  12  0:00  Probe  
  13  0:13  Probe  
  14  0:20  Pylon  
  14  0:25  Probe  
  15  0:36  Probe  
  15  0:39  Gateway  
  16  0:44  Probe  
  16  0:46  Assimilator  
  17  0:54  Probe  
  18  1:06  Probe  
  18  1:10  Gateway  
  19  1:18  Probe  
  20  1:25  Assimilator  
  20  1:31  Assimilator, Probe  
  20  1:32  Pylon  
  21  1:43  Probe  
  21  1:46  Cybernetics Core  
  22  1:55  Probe  
  23  2:07  Probe  
  24  2:14  Adept  
  24  2:15  Adept  
  28  2:35  Shield Battery  
  27  2:41  Pylon  
Show
View Real Time Build Order
Export as new Build Order

wootwoot Protoss - Winner!

Build Orders:  

Get SALT Encoding   

  12  0:02  Probe  
  13  0:14  Probe  
  13  0:20  Pylon  
  14  0:26  Probe  
  15  0:39  Gateway  
  15  0:41  Assimilator  
  15  0:50  Pylon  
  15  1:09  Gateway  
  15  1:14  Gateway  
  15  1:29  Cybernetics Core  
  15  1:38  Probe  
  16  1:51  Probe  
  16  1:54  Stalker x2  
  21  2:20  Stalker  
  21  2:26  Probe  
  24  2:34  Stalker  
  24  2:38  Probe  
  27  2:50  Probe  
  28  3:05  Gateway  
Tags
 
Matchup
PvP
Replay Pack
B2M-Replays
Spawn Locations
Cross Positions
Add a new tag
Caveats
  • Supply blocks, unpowered buildings, or Contaminate may cause inaccurate times.
  • Supply counts are checked every 10 seconds.